 Dungeon Crawl Stone Soup version 0.29-a0-847-g24c0ca63c9 (webtiles) character file.

Game seed: 6480810174464943361

75 Malachi the Chopper (level 4, 0/37 HPs)
             Began as a Palentonga Fighter on July 16, 2022.
             Succumbed to a scorpion's poison
             ... on level 2 of the Dungeon.
             The game lasted 00:01:16 (619 turns).

Malachi the Chopper (Palentonga Fighter)             Turns: 619, Time: 00:01:17

Health: 0/37       AC:  8    Str: 21    XL:     4   Next: 11%
Magic:  4/4        EV:  7    Int:  8    God:
Gold:   27         SH:  0    Dex: 10    Spells: 3/3 levels left

rFire   . . .      SeeInvis +   a - +0 war axe
rCold   . . .      Faith    +   k - orb {light}
rNeg    . . .      Spirit   .   b - +0 scale mail
rPois   .          Reflect  .   e - +0 helmet
rElec   .          Harm     .   (no cloak)
rCorr   .          Rampage  .   l - +0 pair of gloves
Will    .....                   (no barding)
Stlth   ..........              i - amulet of faith
HPRegen 0.12/turn               (no ring)
MPRegen 0.09/turn               (no ring)

@: mighty, lethally poisoned (0 -> -7), attractive, glowing
A: large, rugged brown scales 3, see invisible, deformed body, roll 1, armoured
tail
a: Rolling Charge


You were on level 2 of the Dungeon.
You visited 1 branch of the dungeon, and saw 2 of its levels.

You collected 27 gold pieces.

Inventory:

Hand Weapons
 a - a +0 war axe (weapon)
Armour
 b - a +0 scale mail (worn)
 c - a +0 buckler
 e - a +0 helmet (worn)
 k - an orb of light (worn)
 l - a +0 pair of gloves (worn)
Jewellery
 i - an amulet of faith (around neck)
 j - a ring of fire
Scrolls
 f - 4 scrolls of teleportation {unknown}
 h - a scroll of fog {unknown}


   Skills:
 - Level 3.0 Fighting
 * Level 4.4 Axes
 - Level 2.4 Armour
 - Level 2.6 Shields


You had 3 spell levels left.
You didn't know any spells.
Your spell library was empty.

Dungeon Overview and Level Annotations

Branches:
Dungeon (2/15)

Altars:


Innate Abilities, Weirdness & Mutations

You are completely covered in rugged brown scales. (AC +3, +7% HP)
You have supernaturally acute eyesight. (SInv)
Armour fits poorly on your strangely shaped body.
You can roll at nearby foes to attack.
You have a long armoured tail.


Message History

You are too injured to fight recklessly!
You are too injured to fight recklessly!
You are too injured to fight recklessly!
You are too injured to fight recklessly!
Unknown command.
You slash the scorpion!
The scorpion is almost dead.
You barely miss the adder.
* * * LOW HITPOINT WARNING * * *
You feel very sick. The scorpion completely misses you.
The adder barely misses you.
The scorpion stings you but does no damage.
The adder closely misses you.
You slash the scorpion!
You kill the scorpion!
You hit the adder but do no damage.
* * * LOW HITPOINT WARNING * * *
You feel very sick.
A bat comes into view.
The adder bites you but does no damage.
The bat moves out of view.
Your Axes skill increases to level 4!
You have reached level 3!
Your experience leads to an increase in your attributes!
Increase (S)trength, (I)ntelligence, or (D)exterity?
You feel stronger. x2
You have reached level 4!
You feel agile.
It was a potion of attraction.
You feel attractive to monsters.
* * * LOW HITPOINT WARNING * * *
You feel very sick.
The adder barely misses you. x2; The bat is attracted toward you.
You feel very mighty all of a sudden.
* * * LOW HITPOINT WARNING * * *
You feel sick. The bat hits you but does no damage.
The adder completely misses you. The bat is attracted toward you.
You hit the adder.
The adder is heavily wounded.
You completely miss the bat.
You die...

##.. ###..## #..§..#
#.....## #...... #####
#.§...# #....
#..bS.######### #<...
#...@.##......# #....
##.....##......###....
....[..........)........
###########......###)...
#......# #.... ########
#...[ #.... #.... #####


You could see an adder and a bat.

Vanquished Creatures
  A scorpion (D:2)
  A ball python (D:1)
  An endoplasm (D:1)
  2 giant cockroaches (D:1)
  A goblin (D:1)
  A hobgoblin (D:1)
  A quokka (D:1)
  A bat (D:1)
  A frilled lizard (D:1)
  2 kobolds (D:2)
  2 rats
14 creatures vanquished.

Notes
Turn   | Place    | Note
-------+----------+-------------------------------------------
     0 | D:1      | Malachi the Palentonga Fighter began the quest for the Orb.
     0 | D:1      | Reached XP level 1. HP: 19/19 MP: 1/1
   199 | D:1      | Reached XP level 2. HP: 24/25 MP: 2/2
   597 | D:2      | Reached skill level 3 in Axes
   606 | D:2      | Noticed a scorpion
   616 | D:2      | Killed a scorpion
   617 | D:2      | Reached skill level 4 in Axes
   617 | D:2      | Reached XP level 3. HP: 4/31 MP: 3/3
   617 | D:2      | Reached XP level 4. HP: 5/37 MP: 4/4
   619 | D:2      | Succumbed to a scorpion's poison

Illustrated notes

Levels and vault maps discovered:
D:1:      wander_arrival_chamber, layout_basic, hangedman_decor_clover_reticule,
          minmay_statues_item
D:2:      layout_rooms

Skill      XL: |  1  2 |
---------------+-------+-----
Axes           | 4 |  4.4
Fighting       | |  3.0
Armour         | |  2.4
Shields        | |  2.6

Action                   |  1- 3 |  4- 6 || total
-------------------------+-------+-------++-------
Melee: War axe           |    29 |     1 ||    30
       Tailslap          |     2 |       ||     2
 Abil: Rolling Charge    |     3 |       ||     3
  Use: Potion            |       |     2 ||     2
Armor: Scale mail        |    19 |     1 ||    20
Dodge: Dodged            |     6 |     3 ||     9
Block: Buckler           |     5 |       ||     5

Table legend: (Time is in decaauts)
 A = Elapsed time spent in this place.
 B = Non-inter-level travel time spent in this place.
 C = Inter-level travel time spent in this place.
 D = Time resting spent in this place.
 E = Time spent auto-exploring this place.
 F = Levels seen in this place.
 G = Mean time per level.
                   A        B        C        D        E       F      G
               +--------+--------+--------+--------+--------+-----+--------+
         Total |    629 |    552 |     77 |      0 |    417 |   2 |  314.5 |
       Dungeon |    629 |    552 |     77 |      0 |    417 |   2 |  314.5 |
               +--------+--------+--------+--------+--------+-----+--------+

Top non-repeatable levels by time:
     D:1: 598 daAuts
     D:2: 31 daAuts
